 Dungeon Crawl Stone Soup version 0.24-a0-769-g368c1644f8 (webtiles) character file.

Game seed: 15140124000134943320, levelgen mode: deterministic

653 Multipenetrator the Insei (level 7, -4/45 HPs)
             Began as an Octopode Transmuter on Oct 6, 2019.
             Was a Follower of Uskayaw.
             Slain by an orc priest (5 damage)
             ... on level 5 of the Dungeon.
             The game lasted 00:42:55 (5974 turns).

Multipenetrator the Insei (Octopode Transmuter)     Turns: 5974, Time: 00:42:56

Health: -4/45      AC:  3    Str: 13    XL:     7   Next: 54%
Magic:  8/10       EV: 14    Int: 15    God:    Uskayaw [*.....]
Gold:   206        SH:  0    Dex: 13    Spells: 5/11 levels left

rFire    . . .     SeeInvis .     - Unarmed
rCold    . . .     Gourm    .   (no shield)
rNeg     . . .     Faith    .   (helmet restricted)
rPois    +         Spirit   .   (no amulet)
rElec    .         Reflect  .   j - ring of poison resistance
rCorr    .         Harm     .   r - +2 ring of strength
MR       .....                  u - +2 ring of protection
Stlth    +++.......             (no ring)
HPRegen  0.15/turn              (no ring)
MPRegen  0.12/turn              (no ring)
                                (no ring)
                                (no ring)

@: appendage, hasted, very quick
A: almost no armour, stealthy swim, amphibious, 8 rings, constrict 8, tentacle
spike 3, camouflage 1, gelatinous body 1
a: End Transformation, Stomp, Renounce Religion


You were on level 5 of the Dungeon.
You worshipped Uskayaw.
Uskayaw was noncommittal.
You were hungry.
One of your tentacles had a temporary spike.
You visited 2 branches of the dungeon, and saw 6 of its levels.

You collected 206 gold pieces.

Inventory:

Missiles
 a - 75 arrows (quivered)
Jewellery
 j - a ring of poison resistance (left tentacle)
 r - a +2 ring of strength (right tentacle)
 u - a +2 ring of protection (on tentacle)
Scrolls
 e - a scroll of blinking {unknown}
 g - a scroll of identify {unknown}
 h - a scroll of remove curse {unknown}
 i - a scroll of immolation
 l - a scroll of teleportation {unknown}
 m - a scroll of enchant armour {unknown}
 p - a scroll of noise {unknown}
 q - a scroll of amnesia {unknown}
Potions
 b - a potion of resistance {unknown}
 d - a potion of degeneration {unknown}
 k - a potion of ambrosia {unknown}
 n - a potion of curing
 o - a potion of flight {unknown}
 s - a potion of lignification {unknown}
 v - a potion of magic {unknown}
Comestibles
 c - 6 rations
 t - 2 chunks of flesh


   Skills:
 + Level 2.1 Fighting
 - Level 2.6 Dodging
 + Level 3.9 Stealth
 * Level 5.7 Unarmed Combat
 - Level 2.6 Spellcasting
 + Level 3.5 Transmutations
 * Level 3.0 Invocations


You had 5 spell levels left.
You knew the following spells:

 Your Spells              Type           Power        Failure   Level  Hunger
a - Beastly Appendage     Tmut           ##....       4%          1    #......
b - Sticks to Snakes      Tmut           ##......     8%          2    ###....
c - Spider Form           Tmut/Pois      #.........   30%         3    ###....

Your spell library contained the following spells:

 Spells                   Type           Power        Failure   Level  Hunger
 Ice Form                 Ice/Tmut       #.......     69%         4    #####..
 Blade Hands              Tmut           ##........   80%         5    ######.


Dungeon Overview and Level Annotations

Branches:
Dungeon (5/15)             Temple (1/1) D:4

Altars:
Ashenzari
Cheibriados
Elyvilon
Fedhas
Hepliaklqana
Kikubaaqudgha
Makhleb
Nemelex Xobeh
Okawaru
Qazlal
Ru
Sif Muna
Trog
Uskayaw
Wu Jian
Xom
Zin
The Shining One

Annotations:
D:3 1 runed translucent door, Kohma's ghost, amateur TrFi


Innate Abilities, Weirdness & Mutations

You cannot wear most types of armour.
You are very stealthy in the water. (Stealth+)
You are amphibious.
You can wear up to eight rings at the same time.
You can use your tentacles to constrict eight enemies at once.
Your skin changes colour to match your surroundings (Stealth+).
Your rubbery body absorbs attacks. (AC +1, EV +1)
One of your tentacles bears a large vicious spike.


Message History

Casting: Beastly Appendage (safe; 4% risk of failure)
Confirm with . or Enter, or press ? or * to list all spells.
You create a snake!
You now have 75 arrows.
You constrict the orc priest, but do no damage.
The orc priest completely misses you.
The orc priest hits your ball python with a +0 hand axe.
Your ball python dies!
The orc priest hits you.
* * * LOW HITPOINT WARNING * * *
Okay, then.
Okay, then.
You feel yourself speed up.
You constrict the orc priest, but do no damage.
The orc priest mumbles some strange prayers to Beogh against you.
Beogh smites you!
* * * LOW HITPOINT WARNING * * *
The orc wizard hits you with a +0 dagger.
* * * LOW HITPOINT WARNING * * *
The orc priest hits you.
You die...

######### . #####.......#
...... ..#...........#
##...... ......#....o..#
#.......
$.#.......xo..######.....#.
..........#o......##.....#.
.......####.......##.......
o....###...............(...
o....o.[.o.................
..##.....o........##.......
. ######.....#####<.......
.....########.....#.
...).##....##.......


You could see 2 orc priests and an orc wizard.

Vanquished Creatures
  2 ogres (D:4)
  Blork the orc (D:4)
  A centaur skeleton (D:4)
  An orc priest (D:3)
  A bullfrog skeleton (D:5)
  An iguana (D:4)
  Natasha (twice) (D:3)
  Ijyb (D:4)
  3 worker ants (D:4)
  A mummy (D:4)
  A howler monkey skeleton (D:4)
  6 adders
  An ooze (D:3)
  A worm (D:4)
  2 dart slugs (D:2)
  5 leopard geckos
  11 orcs
  6 bats
  3 giant cockroaches
  3 goblins (D:1)
  5 hobgoblins
  2 jackals (D:4)
  9 kobolds
  3 ball pythons
  7 frilled lizards
  2 rats
81 creatures vanquished.

Vanquished Creatures (collateral kills)
  An iguana (D:4)
1 creature vanquished.

Grand Total: 82 creatures vanquished

Notes
Turn   | Place    | Note
-------+----------+-------------------------------------------
     0 | D:1      | Multipenetrator the Octopode Transmuter began the quest for
                  | the Orb.
     0 | D:1      | Reached XP level 1. HP: 13/13 MP: 3/3
   265 | D:1      | Reached XP level 2. HP: 18/18 MP: 5/5
  1169 | D:2      | Reached XP level 3. HP: 23/23 MP: 6/6
  1186 | D:2      | Learned a level 2 spell: Sticks to Snakes
  1190 | D:2      | Learned a level 3 spell: Spider Form
  1808 | D:3      | Reached XP level 4. HP: 28/28 MP: 7/7
  1924 | D:3      | Noticed Natasha
  1935 | D:3      | Killed Natasha
  1935 | D:3      | Reached skill level 1 in Stealth
  2099 | D:3      | Reached skill level 4 in Unarmed Combat
  2099 | D:3      | Reached XP level 5. HP: 33/33 MP: 8/8
  2104 | D:3      | Noticed Natasha
  2485 | D:3      | Found a runed translucent door.
  2485 | D:3      | Noticed Kohma's ghost (amateur TrFi)
  3009 | D:3      | Killed Natasha
  3489 | D:4      | Found a staircase to the Ecumenical Temple.
  3520 | D:4      | Noticed a phantom
  3778 | Temple   | Entered the Ecumenical Temple
  3943 | Temple   | Became a worshipper of Uskayaw the Reveler
  4458 | D:4      | Reached * piety under Uskayaw
  4463 | D:4      | Reached XP level 6. HP: 39/39 MP: 3/9
  4564 | D:4      | Reached ** piety under Uskayaw
  4622 | D:4      | Noticed Ijyb
  4655 | D:4      | Found a shimmering altar of Xom.
  4656 | D:4      | Found an ancient bone altar of Kikubaaqudgha.
  4931 | D:4      | Killed Ijyb
  4934 | D:4      | Reached skill level 1 in Invocations
  4934 | D:4      | Reached *** piety under Uskayaw
  4947 | D:4      | Reached skill level 5 in Unarmed Combat
  5029 | D:4      | Reached XP level 7. HP: 21/45 MP: 2/10
  5648 | D:4      | Noticed Blork the orc
  5666 | D:5      | Entered Level 5 of the Dungeon
  5803 | D:4      | Killed Blork the orc
  5974 | D:5      | HP: 1/45 [orc wizard/+0 dagger (3)]
  5974 | D:5      | Slain by an orc priest

Levels and vault maps discovered:
D:1:      dpeg_arrival_rhombi, layout_loops_ring, chequers_serial_rivers_small_b
D:2:      layout_loops_ring
D:3:      layout_basic, ebering_ghost_inner_flame, hex_large,
          serial_bayou_lagoon_a, minmay_misc_feat_encased, st_stairs_7,
          uniq_natasha
D:4:      layout_loops_corners, grunt_temple_overflow_open,
          minmay_temple_entry_water_ring, first_ration,
          gup_ossuary_entry_pyramid, minmay_distorted, uniq_blork_the_orc,
          uniq_ijyb
D:5:      layout_basic, kennysheep_mini_moat, gammafunk_ghost_icy
Temple:   nicolae_temple_elliptical

Skill      XL: |  1  2  3  4  5  6  7 |
---------------+----------------------+-----
Stealth        | 2 3 |  3.9
Unarmed Combat | 4 5 |  5.7
Transmutations | 3 |  3.5
Invocations    | 1 3 |  3.0
Fighting       | 2 |  2.1
Dodging        | |  2.6
Spellcasting   | |  2.6

Action                   |  1- 3 |  4- 6 |  7- 9 || total
-------------------------+-------+-------+-------++-------
Melee: Unarmed           |    67 |   126 |    35 ||   228
       Constrict         |    18 |    21 |     7 ||    46
       Kick              |     7 |    10 |     3 ||    20
       Punch             |     2 |     3 |     3 ||     8
       Tentacles         |    11 |    15 |     7 ||    33
 Cast: Beastly Appendage |    10 |     4 |     3 ||    17
       Sticks to Snakes  |       |     9 |     5 ||    14
       Spider Form       |       |     2 |     1 ||     3
  Use: Potion            |       |     1 |     1 ||     2
 Stab: Sleeping          |     5 |    10 |     4 ||    19
       Distracted        |       |     1 |       ||     1
       Confused          |       |     1 |       ||     1
       Paralysed         |       |     1 |       ||     1
  Eat: Chunk             |     3 |     4 |     3 ||    10
       Ration            |       |     2 |       ||     2
Armor: Skin              |     7 |    10 |     3 ||    20
Dodge: Dodged            |    46 |    62 |    19 ||   127

Table legend:
 A = Non-vault XP
 B = Vault XP
 C = Vault XP percentage of total XP
 D = Non-vault monster count
 E = Vault monster count
 F = Vault count percentage of total count
                 A         B        C        D         E       F
            +---------+---------+-------+---------+---------+-------
      Total |     766 |     167 |  17.9 |      76 |       6 |   7.3
            +---------+---------+-------+---------+---------+-------
        D:1 |      30 |       0 |   0.0 |      17 |       0 |   0.0
        D:2 |      51 |       0 |   0.0 |      13 |       0 |   0.0
        D:3 |     125 |      38 |  23.3 |      22 |       2 |   8.3
        D:4 |     508 |     129 |  20.3 |      22 |       4 |  15.4
        D:5 |      52 |       0 |   0.0 |       2 |       0 |   0.0
            +---------+---------+-------+---------+---------+-------
